 Dungeon Crawl Stone Soup version 0.19.0-20-gbc5f0c6 (webtiles) character file.

301 Exaltedone87 the Shield-Bearer (level 6, -8/57 HPs)
             Began as a Deep Dwarf Fighter on Nov 16, 2016.
             Was an Initiate of Elyvilon.
             Mangled by a mummy (12 damage)
             ... in an ossuary.
             The game lasted 00:05:01 (1881 turns).

Exaltedone87 the Shield-Bearer (Deep Dwarf Fighter) Turns: 1881, Time: 00:05:03

Health: -8/57      AC:  7    Str: 27    XL:     6   Next: 14%
Magic:  15/15      EV:  9    Int:  9    God:    Elyvilon [......]
Gold:   188        SH: 10    Dex: 12    Spells: 0 memorised, 5 levels left

rFire  . . .     SeeInvis .     q - +6 falchion of the Thoughtful Mice {venom, Str+6}
rCold  . . .     Gourm    .     b - +0 scale mail
rNeg   . . .     Faith    .     c - +0 shield
rPois  .         Spirit   .     (no helmet)
rElec  .         Reflect  .     (no cloak)
rCorr  .         Harm     .     (no gloves)
MR     .....                    (no boots)
Stlth  ..........               (no amulet)
                                (no ring)
                                l - ring of magical power

@: non-regenerating
A: damage resistance, recharge devices, sense surroundings 1, slow regeneration
3
a: Device Recharging, Renounce Religion


You were in an ossuary.
You worshipped Elyvilon.
Elyvilon was noncommittal.
You were not hungry.

You visited 2 branches of the dungeon, and saw 5 of its levels.
You also visited: Ossuary.

You collected 188 gold pieces.

Inventory:

Hand Weapons
 a - a +0 war axe
 q - the +6 falchion of the Thoughtful Mice (weapon) {venom, Str+6}
   (You found it on level 4 of the Dungeon)

   It poisons the flesh of those it strikes.
   It affects your strength (+6).
Armour
 b - a +0 scale mail (worn)
 c - a +0 shield (worn)
Jewellery
 l - a ring of magical power (left hand)
 r - a cursed ring of teleportation {unknown}
Wands
 e - a wand of heal wounds (0/9)
Scrolls
 g - 4 scrolls of enchant weapon {unknown}
 j - 2 scrolls of remove curse {unknown}
 k - 4 scrolls of teleportation {unknown}
 o - 6 scrolls of identify {unknown}
 t - a scroll of amnesia {unknown}
 u - a scroll of fog {unknown}
Potions
 d - a potion of might
 h - a potion of resistance {unknown}
 i - a potion of beneficial mutation {unknown}
 m - a potion of curing {unknown}
Books
 p - a book of Minor Magic

   Spells                             Type                      Level
   a - Magic Dart                     Conjuration                  1
   b - Blink                          Translocation                2
   c - Call Imp                       Summoning                    2
   d - Repel Missiles                 Charms/Air                   2
   e - Slow                           Hexes                        2
   f - Conjure Flame                  Conjuration/Fire             3
   g - Mephitic Cloud                 Conjuration/Poison/Air       3
Comestibles
 f - 3 bread rations
 n - 2 meat rations
 s - a beef jerky


   Skills:
 + Level 3.7 Fighting
 - Level 4.2 Axes
 + Level 4.2 Armour
 + Level 2.3 Dodging
 + Level 4.3 Shields


You had 5 spell levels left.
You didn't know any spells.

Dungeon Overview and Level Annotations

Branches:
Dungeon (4/15)             Temple (1/1) D:4

Altars:
Ashenzari
Cheibriados
Dithmenos
Elyvilon
Fedhas
Gozag
Hepliaklqana
Kikubaaqudgha
Nemelex Xobeh
Okawaru
Ru
Sif Muna
Trog
Uskayaw
Vehumet
Yredelemnul
The Shining One


Innate Abilities, Weirdness & Mutations

You are resistant to damage.
You can recharge devices by infusing magical energy.
You passively map a small area around you.
You do not regenerate.


Message History

The gnoll zombie hits you but does no damage.
You block the mummy's attack.
You barely miss the mummy.
The mummy is moderately damaged.
You block the hobgoblin zombie's attack.
The gnoll zombie hits you. The mummy hits you!
* * * LOW HITPOINT WARNING * * *
You hit the mummy.
The mummy is heavily damaged.
You block the hobgoblin zombie's attack.
The mummy barely misses you.
The gnoll zombie hits you but does no damage.
The mummy barely misses you.
You hit the mummy.
The mummy is severely damaged.
You block the hobgoblin zombie's attack.
You block the gnoll zombie's attack. The mummy hits you!
* * * LOW HITPOINT WARNING * * *
The hobgoblin zombie barely misses you. The mummy hits you!
You die...

, *
............
*
,..........
+ *........*
, *...... *,
* * #....#
#.Z..#, , ,
,,#MMZ.# , ,
, #.@Z.#,, *
, #....# , *
,#....#, , ,
#....# , *
#....# , *,
#.∩∩.# *
###### **


You could see 2 mummies, a hobgoblin zombie, a gnoll zombie and an orc zombie.

Vanquished Creatures
  A phantom (D:4)
  An orc priest (D:3)
  2 worker ants (D:4)
  An orc wizard (D:3)
  4 adders
  A worm (D:2)
  A leopard gecko (D:3)
  5 orcs (D:3)
  A giant cockroach (D:1)
  11 hobgoblins
  A quokka (D:4)
  A ball python (D:1)
  4 bats
  7 frilled lizards
  9 goblins
  A hobgoblin zombie (Ossuary)
  9 kobolds
  4 kobold zombies (Ossuary)
  6 rats
70 creatures vanquished.

Notes
Turn   | Place    | Note
-------+----------+-------------------------------------------
     0 | D:1      | Exaltedone87 the Deep Dwarf Fighter began the quest for the Orb.
     0 | D:1      | Reached XP level 1. HP: 20/20 MP: 1/1
    93 | D:1      | Reached XP level 2. HP: 20/27 MP: 2/2
   517 | D:2      | Reached XP level 3. HP: 15/34 MP: 3/3
   542 | D:2      | Found a shadowy altar of Dithmenos.
   601 | D:2      | Reached skill level 1 in Dodging
   844 | D:2      | Found a hide-covered altar of Uskayaw.
  1026 | D:3      | Reached XP level 4. HP: 26/42 MP: 4/4
  1247 | D:3      | Found a glowing golden altar of the Shining One.
  1460 | D:3      | Reached XP level 5. HP: 20/49 MP: 5/5
  1584 | D:4      | Found a staircase to the Ecumenical Temple.
  1612 | Temple   | Entered the Ecumenical Temple
  1716 | Temple   | Became a worshipper of Elyvilon the Healer
  1817 | D:4      | Found a sand-covered staircase.
  1817 | D:4      | Noticed a phantom
  1827 | D:4      | HP: 1/49 [phantom (6)]
  1839 | D:4      | Killed a phantom
  1839 | D:4      | Reached XP level 6. HP: 26/57 MP: 6/6
  1847 | D:4      | Got an ancient falchion
  1855 | D:4      | Identified the +6 falchion of the Thoughtful Mice {venom, Str+6} (You found it on level 4 of the Dungeon)
  1864 | Ossuary  | Entered an ossuary
  1881 | Ossuary  | Mangled by a mummy

Skill      XL: |  1  2  3  4  5 |
---------------+----------------+-----
Fighting       | 3 |  3.7
Dodging        | 1 2 |  2.3
Axes           | 3 4 |  4.2
Shields        | 4 |  4.3
Armour         | 4 |  4.2

Action                   |  1- 3 |  4- 6 || total
-------------------------+-------+-------++-------
Melee: War axe           |   133 |   123 ||   256
       Falchion          |       |    11 ||    11
Evoke: Wand              |     1 |     4 ||     5
  Eat: Chunk             |     1 |     3 ||     4
Armor: Scale mail        |    51 |    53 ||   104
Dodge: Dodged            |    47 |    36 ||    83
Block: Shield            |    62 |    81 ||   143
       Rpst.: Falchion   |       |     2 ||     2
